 Dungeon Crawl Stone Soup version 0.21-a0-414-gba8bdf1 (webtiles) character file.

380 FrankyJ the Magician (level 6, -11/32 HPs)
             Began as a Gargoyle Ice Elementalist on Nov 2, 2017.
             Mangled by an ogre
             ... wielding a +0 giant club
              (24 damage)
             ... on level 5 of the Dungeon.
             The game lasted 00:11:17 (3897 turns).

FrankyJ the Magician (Gargoyle Ice Elementalist)    Turns: 3897, Time: 00:11:17

Health: -11/32     AC:  7    Str: 11    XL:     6   Next: 75%
Magic:  9/14       EV: 12    Int: 18    God:
Gold:   276        SH:  0    Dex: 10    Spells: 9/16 levels left

rFire    . . .     SeeInvis .   i - +0 dagger
rCold    . . .     Gourm    .   (no shield)
rNeg     + . .     Faith    .   a - +0 robe
rPois    ∞         Spirit   .   r - +0 helmet
rElec    +         Reflect  .   (no cloak)
rCorr    .         Harm     .   (no gloves)
MR       .....                  (no boots)
Stlth    ++........             (no amulet)
HPRegen  0.10/turn              (no ring)
MPRegen  0.14/turn              (no ring)

@: no status effects
A: negative energy resistance 1, electricity resistance, unbreathing,
petrification resistance, rot immunity, AC +4
a: no special abilities


You were on level 5 of the Dungeon.
You were very hungry.

You visited 1 branch of the dungeon, and saw 5 of its levels.

You collected 276 gold pieces.

Inventory:

Hand Weapons
 i - a +0 dagger (weapon)
Missiles
 k - 12 poisoned needles
 s - 3 needles of frenzy
Armour
 a - a +0 robe (worn)
 r - a +0 helmet (worn)
 u - a +0 pair of gloves
Wands
 p - a wand of flame (31/48)
 x - a wand of random effects (24/48)
Scrolls
 e - a scroll of random uselessness {unknown}
 f - 3 scrolls of remove curse {unknown}
 h - 2 scrolls of identify {unknown}
 l - 3 scrolls of enchant weapon {unknown}
 q - a scroll of magic mapping {unknown}
 v - a scroll of fog {unknown}
 y - a scroll of amnesia {unknown}
Potions
 d - 2 potions of curing {unknown}
 m - a potion of flight {unknown}
 n - a potion of agility
 o - 2 potions of invisibility {unknown}
 w - a potion of haste {unknown}
Books
 b - a book of Frost

   Spells                             Type                      Level
   a - Freeze                         Ice                          1
   b - Throw Frost                    Conjuration/Ice              2
   c - Ozocubu's Armour               Charms/Ice                   3
   d - Throw Icicle                   Conjuration/Ice              4
   e - Summon Ice Beast               Ice/Summoning                4
Comestibles
 c - 4 bread rations
 g - 3 meat rations
 j - 3 royal jellies
 t - a fruit


   Skills:
 - Level 3.0 Dodging
 - Level 2.1 Stealth
 + Level 5.7 Spellcasting
 - Level 1.1 Conjurations
 - Level 3.0 Ice Magic


You had 9 spell levels left.
You knew the following spells:

 Your Spells              Type           Power        Failure   Level  Hunger
a - Freeze                Ice            ###.         3%          1    None
b - Throw Frost           Conj/Ice       ##....       8%          2    None
c - Throw Icicle          Conj/Ice       ##......     45%         4    ####...


Dungeon Overview and Level Annotations

Branches:
Dungeon (5/15)             Temple (0/1) D:5

Altars:
Dithmenos
Elyvilon

Shops:
D:4 :


Innate Abilities, Weirdness & Mutations

You are resistant to torment.
Your stone body is resilient. (AC +4)
You are immune to poison.
You resist negative energy. (rN+)
You are resistant to electric shocks. (rElec)
You can survive without breathing.
You are immune to petrification.
You are immune to rotting.


Message History

The ogre is lightly wounded.
Casting: Throw Frost
Confirm with . or Enter, or press ? or * to list all spells.
Aiming: Freeze
Press: ? - help, Shift-Dir - straight line, f/p - ogre
Aim: an ogre, wielding a giant club (lightly wounded)
You freeze the ogre.
The ogre is moderately wounded.
The ogre hits you with a giant club!!
Ouch! That really hurt!
Casting: Freeze
Confirm with . or Enter, or press ? or * to list all spells.
Aiming: Freeze
Press: ? - help, Shift-Dir - straight line, f/p - ogre
Aim: an ogre, wielding a giant club (moderately wounded)
You freeze the ogre.
The ogre is heavily wounded.
The ogre hits you with a giant club!!
Ouch! That really hurt!
You die...

...O...).....P%
...........# #'##+#####
#......... #††....##
#......# ##.....# ######
######.....# #....#
#..@O.....## #....#
#.........# #....#
#.........# #....#
#.........# #....##
#.........#
#....<########.........#
#....#.............##'##
#....#.###########.##..#
#....#.# #...#.##..#


You could see an ogre.

Vanquished Creatures
  An ogre (D:4)
  A bullfrog (D:2)
  An orc priest (D:3)
  2 orc wizards
  A worker ant (D:4)
  2 adders (D:2)
  A worm (D:4)
  2 dart slugs
  10 leopard geckos
  11 orcs
  6 bats
  6 giant cockroaches
  5 goblins
  5 hobgoblins (D:1)
  2 jackals (D:1)
  2 quokkas
  3 ball pythons
  5 frilled lizards
  4 kobolds
  9 rats
79 creatures vanquished.

Notes
Turn   | Place    | Note
-------+----------+-------------------------------------------
     0 | D:1      | FrankyJ the Gargoyle Ice Elementalist began the quest for the Orb.
     0 | D:1      | Reached XP level 1. HP: 10/10 MP: 3/3
   227 | D:1      | Reached XP level 2. HP: 13/15 MP: 1/5
   720 | D:1      | Reached XP level 3. HP: 16/19 MP: 0/6
  1113 | D:1      | Learned a level 2 spell: Throw Frost
  1296 | D:2      | Noticed a bullfrog
  1309 | D:2      | Killed a bullfrog
  1309 | D:2      | Reached skill level 3 in Spellcasting
  1309 | D:2      | Reached XP level 4. HP: 4/24 MP: 1/9
  1610 | D:2      | Reached XP level 5. HP: 24/28 MP: 10/10
  2056 | D:2      | Reached skill level 4 in Spellcasting
  2430 | D:3      | Found a shadowy altar of Dithmenos.
  2430 | D:3      | Found a white marble altar of Elyvilon.
  2464 | D:3      | Learned a level 4 spell: Throw Icicle
  3008 | D:4      | Reached XP level 6. HP: 31/32 MP: 6/13
  3118 | D:4      | Found Ismymp's Book Shop.
  3244 | D:4      | Reached skill level 5 in Spellcasting
  3813 | D:5      | Entered Level 5 of the Dungeon
  3876 | D:5      | Found a staircase to the Ecumenical Temple.
  3876 | D:5      | Noticed an ice beast
  3897 | D:5      | Mangled by an ogre

Vault maps used:
D:1:      nicolae_arrival_somewhat_less_tricky_arrival
D:3:      amethyst_overflow_temple_binary, first_bread
D:4:      kennysheep_big_flooded_room, serial_shops, shop
D:5:      fedhas_altar_3, nicolae_overflow_crystal_walls,
          minmay_temple_entry_trees

Skill      XL: |  1  2  3  4  5  6 |
---------------+-------------------+-----
Dodging        | 2 3 |  3.0
Spellcasting   | 3 4 5 |  5.7
Stealth        | |  2.1
Conjurations   | |  1.1
Ice Magic      | |  3.0

Action                   |  1- 3 |  4- 6 || total
-------------------------+-------+-------++-------
Melee: Unarmed           |    39 |       ||    39
       Dagger            |    27 |    50 ||    77
       Club              |     2 |       ||     2
 Cast: Freeze            |    44 |    71 ||   115
       Throw Frost       |       |     3 ||     3
 Stab: Sleeping          |     2 |     5 ||     7
  Eat: Chunk             |     2 |     7 ||     9
Armor: Robe              |    29 |    30 ||    59
Dodge: Dodged            |    62 |    75 ||   137

Table legend:
 A = Spawn XP
 B = Non-spawn XP
 C = Spawn XP percentage of total XP
 D = Spawn monster count
 E = Non-spawn monster count
 F = Spawn count percentage of total count
 G = Total turns spent on level
                    A         B        C        D         E        F      G
               +---------+---------+-------+---------+---------+-------+---------
         Total |       0 |     543 |   0.0 |       0 |      79 |   0.0 |  3897
               +---------+---------+-------+---------+---------+-------+---------
           D:1 |       0 |      48 |   0.0 |       0 |      28 |   0.0 |  1152
           D:2 |       0 |     189 |   0.0 |       0 |      22 |   0.0 |   907
           D:3 |       0 |      65 |   0.0 |       0 |      12 |   0.0 |   878
           D:4 |       0 |     232 |   0.0 |       0 |      14 |   0.0 |   886
           D:5 |       0 |       9 |   0.0 |       0 |       3 |   0.0 |    74
               +---------+---------+-------+---------+---------+-------+---------
